Map: Eastwatch LE

Players

TIME (Oliveira)

  • Race: Terran Terran
  • Spawn Location: 1:00

Neeb - Winner!

  • Race: Protoss Protoss
  • Spawn Location: 7:00

Event: 2018 Hangzhou StarCraft Carnival

VOD

Have the link to the VOD?

Description

Time

  • Played on: April 29, 2018, 3:50 a.m.
  • Length: 12:12

All games in this series

Show
View Real Time Build Order
Export as new Build Order

TIME Terran 

Build Orders: Reaper Expand, MMM Bio 

Get SALT Encoding   

  12  0:00  SCV  
  13  0:12  SCV  
  14  0:17  Supply Depot  
  14  0:25  SCV  
  15  0:39  SCV  
  15  0:40  Barracks  
  16  0:45  Refinery  
  16  0:51  SCV  
  17  1:03  SCV  
  18  1:15  SCV  
  19  1:27  Reaper, Orbital Command  
  20  1:39  Command Center  
  20  1:52  Supply Depot  
  20  1:53  SCV  
  21  1:58  Marine  
  22  2:06  SCV, Factory  
  23  2:12  Refinery  
  23  2:18  SCV  
  23  2:22  Barracks Reactor  
  24  2:30  SCV  
  25  2:42  SCV  
  26  2:51  Starport  
  26  2:52  Widow Mine  
  26  2:55  Orbital Command  
  26  2:56  SCV  
  29  2:59  Marine x2  
  31  3:08  SCV  
  32  3:14  Widow Mine  
  32  3:16  Marine x2  
  36  3:20  SCV  
  36  3:21  SCV  
  37  3:28  Supply Depot, Medivac  
  37  3:32  SCV  
  37  3:34  SCV, Marine x2  
  41  3:35  Factory Tech Lab  
  41  3:37  Barracks  
  43  3:44  SCV  
  43  3:46  SCV  
  45  3:52  Marine x2, Supply Depot  
  47  3:56  SCV  
  47  3:59  Barracks  
  47  4:02  SCV  
  49  4:04  Factory Tech Lab  
  49  4:09  SCV, Engineering Bay  
  50  4:11  Marine x2  
  50  4:14  SCV  
  53  4:20  Supply Depot, Refinery  
  53  4:21  SCV  
  54  4:26  SCV  
  55  4:31  Marine x2, Stimpack  
  55  4:33  Marine  
  55  4:36  SCV, Terran Infantry Weapons Level 1  
  59  4:39  SCV  
  59  4:42  Factory Reactor, Starport Reactor  
  60  4:50  SCV  
  60  4:51  Marine x2  
  60  4:52  Marauder  
  65  4:53  SCV  
  64  5:03  SCV  
  64  5:05  Marine  
  61  5:07  SCV  
  61  5:09  Marine  
  61  5:10  Marine, Refinery  
  61  5:11  Supply Depot, Combat Shields  
  61  5:13  Supply Depot  
  61  5:14  Marauder  
  65  5:15  SCV  
  65  5:20  Medivac x2  
  70  5:31  Supply Depot  
  70  5:32  Marine, SCV  
  70  5:33  Widow Mine x2, Marauder  
  70  5:34  Marine  
  70  5:35  SCV  
  80  5:38  Marine  
  81  5:45  SCV  
  82  5:50  Marine  
  82  5:54  Widow Mine x2, Marauder  
  82  5:56  Marauder  
  91  5:57  Command Center  
  91  5:59  SCV x2  
  93  6:05  Supply Depot  
  93  6:06  Supply Depot  
  93  6:07  Marine  
  94  6:20  Supply Depot  
  94  6:26  Marine x2, SCV x2, Medivac  
  94  6:27  Marauder  
  94  6:28  Medivac  
  94  6:29  Widow Mine x2  
  94  6:32  Concussive Shells  
  108  6:38  SCV  
  108  6:39  Liberator  
  107  6:41  Liberator  
  103  6:50  Widow Mine  
  103  6:51  Widow Mine  
  91  6:54  Marine, Marauder  
  91  6:55  Marine, Marauder  
  91  6:57  SCV  
  91  7:00  SCV  
  91  7:01  Terran Infantry Armor Level 1  
  103  7:09  SCV  
  103  7:10  Barracks  
  103  7:12  Barracks  
  103  7:13  Marine  
  103  7:14  Marine  
  106  7:16  Marauder  
  106  7:17  Orbital Command  
  106  7:19  Marine  
  109  7:31  SCV, Marine  
  109  7:32  SCV  
  109  7:36  Marine  
  115  7:37  Marauder  
  115  7:39  Viking  
  115  7:41  Viking  
  115  7:43  SCV  
  111  7:48  Marine  
  111  7:50  Marine  
  106  7:52  SCV  
  106  7:56  SCV x2  
  106  7:58  Barracks Reactor, Refinery, Marauder  
  105  7:59  Barracks Tech Lab, Armory, Engineering Bay, Refinery  
  105  8:00  Marine  
  105  8:01  Starport  
  105  8:04  SCV  
  107  8:06  Marauder  
  107  8:08  SCV x2, Marine  
  107  8:11  Viking  
  114  8:13  Supply Depot, Viking  
  114  8:16  SCV  
  114  8:17  Marine  
  114  8:19  Marine  
  121  8:20  SCV x2, Marauder  
  121  8:26  Marine  
  124  8:28  Marauder  
  124  8:29  SCV  
  127  8:35  Marine  
  127  8:38  Marine, Marauder  
  127  8:40  Viking  
  127  8:41  Marine, Viking  
  135  8:42  Marauder  
  135  8:44  Marine  
  135  8:45  Supply Depot x2  
  135  8:46  Supply Depot  
  139  8:52  Terran Infantry Weapons Level 2, Viking  
  141  8:57  Viking  
  141  9:00  Marine x2  
  141  9:02  Marine x2, Marauder  
  141  9:07  Marauder, Terran Infantry Armor Level 2  
  141  9:08  Marine, Terran Ship Weapons Level 1  
  140  9:19  Ghost Academy  
  140  9:21  Marine x2, Supply Depot, Viking x2  
  140  9:23  Marine  
  140  9:24  Marine, Marauder  
  150  9:30  Viking x2  
  156  9:39  Marine x2  
  160  9:47  Marine x2  
  160  9:48  Ghost x2  
  160  9:51  Ghost  
  164  9:57  Marine x2  
  164  9:59  Command Center  
  166  10:00  SCV x2  
  166  10:02  SCV  
  166  10:04  Marine x2  
  171  10:12  SCV  
  172  10:15  Marine, Supply Depot  
  172  10:17  Supply Depot  
  172  10:19  Liberator x2, Supply Depot  
  173  10:21  Liberator x2  
  173  10:27  Supply Depot  
  173  10:36  Marine x2  
  173  10:38  Marine, Supply Depot  
  173  10:41  Supply Depot  
  188  10:45  Marine x3, Marauder  
  193  10:54  Marine  
  193  10:55  Marauder  
  193  10:56  Marine  
  197  11:05  Marine x2  
  197  11:06  Marine, Liberator  
  193  11:23  Marine x2, Marauder  
  193  11:24  Marine  
  164  11:30  Marine x2  
  164  11:31  Marauder  
  110  11:41  Marine x2  
  110  11:45  Marine, Marauder  
  113  11:48  Marine, Marauder  
  113  11:52  Marine  
Show
View Real Time Build Order
Export as new Build Order

Neeb Protoss - Winner!

Build Orders: 1 Gate Expand, Colossus Rush 

Get SALT Encoding   

  12  0:00  Probe  
  13  0:13  Probe  
  14  0:17  Pylon  
  14  0:23  Probe  
  15  0:31  Probe  
  16  0:37  Gateway  
  16  0:39  Probe  
  16  0:46  Assimilator  
  17  0:51  Probe  
  18  1:03  Probe  
  19  1:15  Probe  
  20  1:22  Nexus  
  20  1:33  Cybernetics Core  
  20  1:34  Probe  
  21  1:41  Assimilator  
  21  1:47  Probe  
  22  1:51  Pylon  
  22  1:59  Probe  
  22  2:01  Adept  
  23  2:10  Probe  
  23  2:11  Warp Gate  
  26  2:18  Probe  
  27  2:26  Probe  
  27  2:27  Adept  
  29  2:31  Probe  
  29  2:33  Robotics Facility  
  31  2:37  Probe  
  31  2:39  Probe  
  33  2:49  Probe x2  
  34  2:54  Stalker  
  37  3:02  Probe  
  37  3:05  Probe  
  39  3:09  Forge  
  39  3:14  Observer, Probe  
  39  3:17  Probe  
  41  3:24  Stalker  
  41  3:26  Pylon, Probe  
  45  3:29  Probe  
  46  3:34  Gateway  
  46  3:35  Assimilator  
  46  3:39  Assimilator  
  46  3:44  Observer, Probe x2, Protoss Ground Armor Level 1  
  46  3:48  Pylon  
  49  3:56  Probe x2  
  51  4:05  Observer  
  51  4:08  Probe x2  
  54  4:18  Pylon  
  54  4:20  Probe  
  54  4:22  Immortal  
  54  4:23  Gateway  
  56  4:25  Nexus  
  55  4:33  Probe  
  55  4:35  Probe  
  55  4:38  Sentry  
  62  4:45  Probe  
  62  4:47  Stalker  
  59  5:04  Probe x2  
  59  5:06  Immortal  
  65  5:15  Robotics Bay  
  65  5:16  Probe x2  
  67  5:25  Pylon  
  67  5:26  Pylon, Sentry  
  69  5:28  Probe  
  69  5:29  Protoss Ground Weapons Level 1  
  69  5:33  Probe  
  69  5:35  Pylon  
  70  5:37  Pylon  
  70  5:38  Observer, Probe  
  70  5:40  Probe  
  70  5:41  Probe  
  73  5:42  Sentry  
  73  5:46  Stalker  
  79  5:50  Probe  
  79  5:52  Stalker, Probe  
  79  5:54  Colossus  
  79  5:55  Shield Battery  
  83  6:10  Gateway  
  83  6:11  Gateway  
  89  6:16  Stalker x2  
  93  6:19  Probe x2  
  93  6:21  Probe  
  96  6:25  Stalker  
  96  6:31  Probe x2  
  100  6:39  Stalker x2  
  103  6:41  Colossus  
  103  6:42  Probe  
  103  6:43  Probe  
  88  6:52  Stalker  
  88  6:53  Probe  
  88  6:54  Observer, Probe  
  93  7:03  Probe  
  93  7:06  Probe x2  
  93  7:07  Forge  
  96  7:09  Assimilator  
  96  7:10  Assimilator, Twilight Council  
  96  7:15  Probe  
  96  7:18  Probe  
  96  7:19  Zealot x3, Stalker x2  
  108  7:25  Probe  
  108  7:28  Probe  
  110  7:30  Colossus, Probe  
  110  7:31  Protoss Ground Weapons Level 2  
  117  7:37  Protoss Ground Armor Level 2  
  117  7:46  Stalker x2  
  117  7:48  Probe x2  
  117  7:49  Probe  
  116  8:00  Probe  
  116  8:01  Nexus  
  116  8:04  Pylon  
  117  8:09  Gateway x2  
  117  8:11  Pylon  
  117  8:13  Pylon  
  117  8:14  Colossus, Observer  
  117  8:17  Pylon  
  117  8:18  Observer  
  117  8:25  Gateway  
  117  8:26  Gateway, Sentry  
  125  8:41  Stalker x4  
  129  8:47  Probe x2  
  129  8:48  Probe  
  129  8:52  Stalker  
  129  8:53  Blink  
  128  8:59  Probe x2  
  128  9:00  Probe  
  125  9:04  Stalker  
  125  9:07  Stalker  
  129  9:11  Probe x2  
  129  9:12  Probe  
  132  9:21  Nexus  
  132  9:23  Pylon, Probe x2  
  134  9:24  Probe  
  134  9:26  Protoss Ground Armor Level 3  
  134  9:27  Observer  
  134  9:30  Protoss Ground Weapons Level 3  
  134  9:31  Stalker x2  
  140  9:40  Probe  
  140  9:41  Probe x2  
  140  9:43  Sentry x3  
  148  9:51  Colossus  
  148  10:03  Pylon x4  
  148  10:05  Pylon  
  146  10:08  Stalker  
  146  10:11  Shield Battery  
  148  10:22  Templar Archives  
  148  10:24  Stalker x5  
  148  10:25  Stalker  
  159  10:29  Stalker x2  
  163  10:38  Colossus  
  169  10:48  Stalker x3  
  175  10:54  Stalker x2  
  179  10:58  Stalker  
  179  11:01  Zealot x3  
  179  11:02  Assimilator x2  
  187  11:17  Zealot x5  
  185  11:21  Zealot x4  
  123  11:40  Stalker x5  
  123  11:43  Stalker x3  
  139  12:09  Stalker x9  
Tags
 
Add a new tag
Caveats
  • Supply blocks, unpowered buildings, or Contaminate may cause inaccurate times.
  • Supply counts are checked every 10 seconds.